 Dungeon Crawl Stone Soup version 0.27-a0-1290-g15d3ce7508 (webtiles) character file.

Game seed: 9794270746733144049

537858 HAL9000 the Sharpshooter (level 25, 0/136 HPs)
             Began as a Vine Stalker Brigand on June 13, 2021.
             Was the Champion of Uskayaw.
             Slain by a stone giant (16 damage)
             ... on level 3 of the Depths on June 15, 2021.
             The game lasted 04:11:07 (57910 turns).

HAL9000 the Sharpshooter (Vine Stalker Brigand)    Turns: 57910, Time: 04:11:08

Health: 0/136      AC: 27    Str: 30    XL:     25   Next: 87%
Magic:  0/35       EV: 24    Int: 11    God:    Uskayaw [******]
Gold:   2891       SH:  0    Dex: 18    Spells: 22/24 levels left

rFire    . . .     SeeInvis +   J - +12 arbalest "Ocsonef" {elec, Will++ rCorr}
rCold    . . .     Faith    +   (shield currently unavailable)
rNeg     + . .     Spirit   +   o - +0 shadow dragon scales
rPois    +         Reflect  .   a - +2 helmet {SInv}
rElec    .         Harm     .   c - +1 cloak
rCorr    +         Rampage  .   O - +0 pair of gloves of Fedhas's Inspiration {rPois rN+ Str+6}
Will     +++++                  z - +2 pair of boots of Perfidy {Slay+2}
Stlth    ++++++++..             I - amulet of faith
HPRegen  1.32/turn              Z - ring of the Hare {EV+8}
MPRegen  0.24/turn              U - +4 ring of slaying

@: studying Armour
A: fangs 3, regeneration 1, magic shield, antimagic bite, no potion heal 2
}: 3/15 runes: decaying, silver, gossamer
a: Renounce Religion, Stomp, Line Pass, Grand Finale


You were on level 3 of the Depths.
You worshipped Uskayaw.
Uskayaw was pleased with you.
You visited 9 branches of the dungeon, and saw 43 of its levels.
You visited 1 bazaar.
You also visited: Gauntlet and Ice Cave.

You collected 9834 gold pieces.
You spent 6943 gold pieces at shops.

Inventory:

Hand Weapons
 u - the +7 rapier of Wicked Indomitability {antimagic, rPois}
   (You acquired it on level 3 of the Spider Nest)

   It reduces the magical energy of the wielder, and disrupts the spells and
   magical abilities of those hit.
   Natural abilities and divine invocations are not affected.
   It protects you from poison.
 v - the +9 hand crossbow "Ciwnemuf" {vorpal, SInv}
   (You bought it in a shop on level 11 of the Dungeon)

   Any bolt fired from it inflicts extra damage.
   It lets you see invisible.
 y - the +7 short sword of Winter {elec, Int+4}
   (You found it on level 3 of the Elven Halls)

   Occasionally, upon striking a foe, it can discharge electrical energy and
   cause terrible harm.
   It affects your intelligence (+4).
 F - a +3 rapier of electrocution
 J - the +12 arbalest "Ocsonef" (weapon) {elec, Will++ rCorr}
   (You bought it in a shop on level 5 of the Vaults)

   It charges the ammunition it shoots with electricity; occasionally upon a
   hit, such missiles may discharge and cause terrible harm.
   It protects you from acid and corrosion.
   It greatly increases your willpower.
Missiles
 d - 10 poisoned darts
 e - 4 throwing nets
 l - 1088 bolts (quivered ammo)
 s - 16 boomerangs of dispersal
 x - 10 curare-tipped darts
 A - 19 atropa-tipped darts
Armour
 a - a +2 helmet of see invisible (worn)
 c - a +1 cloak (worn)
 o - +0 shadow dragon scales (worn)
 z - the +2 pair of boots of Perfidy (worn) {Slay+2}
   (You found it on level 3 of the Vaults)

   It affects your accuracy and damage with ranged weapons and melee attacks
   (+2).
 D - the +3 kite shield of Vodarch {rN++}
   (You took it off Asterion on level 2 of the Depths)

   It greatly protects you from negative energy.
 O - the +0 pair of gloves of Fedhas's Inspiration (worn) {rPois rN+ Str+6}
   (You acquired it on level 3 of the Swamp)

   It affects your strength (+6).
   It protects you from poison.
   It protects you from negative energy.
 W - the +2 kite shield of Qucegroh {rElec Regen+ Str+3}
   (You found it in a Gauntlet)

   It affects your strength (+3).
   It insulates you from electricity.
   It increases your rate of health regeneration.
Jewellery
 b - a ring of the Octopus King {rN+ AC+1 EV+1 Str+1 Int+1 Dex+1}
   (You found it in a Gauntlet)

   [ring of positive energy]

   It affects your AC (+1).
   It affects your evasion (+1).
   It affects your strength (+1).
   It affects your intelligence (+1).
   It affects your dexterity (+1).
   It protects you from negative energy.
 B - a +6 ring of intelligence
 I - an amulet of faith (around neck)
 U - a +4 ring of slaying (right hand)
 Z - the ring of the Hare (left hand) {EV+8}
   (You found it on level 7 of the Dungeon)

   [ring of evasion]

   It affects your evasion (+8).
Wands
 n - a wand of acid (36)
 S - a wand of digging (12)
Scrolls
 f - a scroll of holy word
 m - 2 scrolls of blinking
 p - 5 scrolls of silence
 q - 6 scrolls of fog
 t - a scroll of identify
 w - 11 scrolls of teleportation
 C - 4 scrolls of summoning
 H - 3 scrolls of fear
 L - 3 scrolls of magic mapping
 N - 3 scrolls of immolation
Potions
 g - 2 potions of invisibility
 h - 4 potions of might
 i - 7 potions of ambrosia
 j - 6 potions of haste
 k - 14 potions of curing
 r - 2 potions of berserk rage
 E - 3 potions of magic
 P - 2 potions of brilliance
 Q - 4 potions of attraction
 R - 2 potions of flight
 V - 2 potions of resistance
 Y - 4 potions of cancellation
Miscellaneous
 T - a condenser vane


   Skills:
 - Level 15.3 Fighting
 - Level 14.3 Short Blades
 - Level 20.0 Crossbows
 - Level 8.2 Throwing
 + Level 12.6 Armour
 - Level 12.1 Dodging
 - Level 17.4 Stealth
 - Level 15.2 Shields
 - Level 15.0 Invocations
 - Level 5.2 Evocations


You had 22 spell levels left.
You knew the following spells:

 Your Spells              Type           Power      Damage    Failure   Level
a - Blink                 Tloc           N/A        N/A       88%         2

Your spell library contained the following spells:

 Spells                   Type           Power      Damage    Failure   Level
 Animate Skeleton         Necr           0%         N/A       77%         1
 Apportation              Tloc           0%         N/A       77%         1
 Beastly Appendage        Tmut           0%         N/A       77%         1
 Corona                   Hex            0%         N/A       77%         1
 Foxfire                  Conj/Fire      0%         2x1d4     77%         1
 Freeze                   Ice            0%         1d3       77%         1
 Shock                    Conj/Air       0%         1d3       77%         1
 Sting                    Tmut/Pois      0%         1d3       77%         1
 Summon Small Mammal      Summ           0%         N/A       77%         1
 Call Imp                 Summ           0%         N/A       88%         2
 Corpse Rot               Necr/Air       N/A        N/A       88%         2
 Poisonous Vapours        Pois/Air       0%         N/A       88%         2
 Static Discharge         Conj/Air       0%         N/A       88%         2
 Wereblood                Tmut           0%         N/A       88%         2
 Call Canine Familiar     Summ           0%         N/A       98%         3
 Confusing Touch          Hex            0%         N/A       98%         3
 Conjure Flame            Conj/Fire      0%         6-21      98%         3
 Frozen Ramparts          Ice            0%         1d2       98%         3
 Gell's Gravitas          Tloc           0%         N/A       98%         3
 Ignite Poison            Fire/Tmut/Pois 0%         N/A       98%         3
 Inner Flame              Hex/Fire       0%         N/A       98%         3
 Lesser Beckoning         Tloc           0%         N/A       98%         3
 Mephitic Cloud           Conj/Pois/Air  0%         N/A       98%         3
 Ozocubu's Armour         Ice            0%         N/A       98%         3
 Portal Projectile        Hex/Tloc       0%         N/A       98%         3
 Spider Form              Tmut/Pois      0%         N/A       98%         3
 Summon Guardian Golem    Hex/Summ       0%         N/A       98%         3
 Swiftness                Air            0%         N/A       98%         3
 Teleport Other           Tloc           0%         N/A       98%         3
 Vampiric Draining        Necr           0%         2d6       98%         3
 Airstrike                Air            0%         N/A       100%        4
 Animate Dead             Necr           0%         N/A       100%        4
 Hailstorm                Conj/Ice       0%         3d3       100%        4
 Ice Form                 Ice/Tmut       0%         N/A       100%        4
 Iskenderun's Mystic Bla  Conj/Tloc      0%         2d3       100%        4
 Olgreb's Toxic Radiance  Pois           0%         N/A       100%        4
 Passage of Golubria      Tloc           N/A        N/A       100%        4
 Petrify                  Tmut/Erth      0%         N/A       100%        4
 Sticky Flame             Conj/Fire      0%         2d3       100%        4
 Summon Ice Beast         Ice/Summ       0%         N/A       100%        4
 Summon Lightning Spire   Summ/Air       0%         N/A       100%        4
 Borgnjor's Vile Clutch   Necr/Erth      0%         N/A       100%        5
 Fireball                 Conj/Fire      0%         3d3       100%        5
 Freezing Cloud           Conj/Ice/Air   0%         6-21      100%        5
 Irradiate                Conj/Tmut      0%         3d14      100%        5
 Lightning Bolt           Conj/Air       0%         1d11      100%        5
 Manifold Assault         Tloc           0%         N/A       100%        5
 Metabolic Englaciation   Hex/Ice        0%         N/A       100%        5
 Silence                  Hex/Air        0%         N/A       100%        5
 Summon Forest            Summ/Tloc      0%         N/A       100%        5
 Yara's Violent Unravell  Hex/Tmut       0%         3d3       100%        5
 Death Channel            Necr           0%         N/A       100%        6
 Dispersal                Tloc           0%         N/A       100%        6
 Simulacrum               Ice/Necr       0%         N/A       100%        6
 Ozocubu's Refrigeration  Ice            0%         4d5       100%        7
 Disjunction              Tloc           0%         N/A       100%        8


Dungeon Overview and Level Annotations

Branches:
Dungeon (15/15)            Temple (1/1) D:6            Lair (6/6) D:8
  Swamp (4/4) Lair:3       Spider (4/4) Lair:2        Slime (0/5) Lair:5
    Orc (2/2) D:11            Elf (3/3) Orc:2        Vaults (5/5) D:14
  Crypt (0/3) Vaults:3     Depths (3/5) D:15          IceCv (visited)
Gauntlet (visited)

Altars:
Ashenzari
Cheibriados
Dithmenos
Elyvilon
Fedhas
Gozag
Kikubaaqudgha
Makhleb
Nemelex Xobeh
Okawaru
Qazlal
Ru
Sif Muna
Trog
Uskayaw
Vehumet
Wu Jian
Xom
Yredelemnul
Zin
The Shining One
Jiyva

Shops:
D:1 !   D:11 (:*   D:14 (   Orc:1 =   Orc:2 ?[=(   Elf:1 (   Vaults:1 !
Vaults:3 *   Vaults:5 (!!*?![*[??   Depths:1 *

Portals:
Hell: Depths:1 Depths:2
Abyss: D:7 Depths:2 Depths:3

Annotations:
Orc:2 2 transporters, generaletaddeo's ghost, adept DjGl
Depths:2 2 transporters, exclusion: obsidian statue


Innate Abilities, Weirdness & Mutations

You have razor-sharp teeth.
Your natural rate of healing is unusually fast.
When hurt, damage is shared between your health and your magic reserves.
Your bite disrupts and absorbs the magic of your enemies.
Potions cannot restore your health.


Message History

The tengu reaver claws you!
The stone giant hits you but does no damage.
The titan hits you!
The iron dragon completely misses you. x3
You shoot a bolt. The bolt hits the titan!
The titan is severely wounded.
The tengu reaver misses you. The tengu reaver barely misses you.
The tengu reaver claws you but does no damage.
The stone giant completely misses you.
The titan gestures wildly while chanting.
The titan is healed somewhat.
You shoot a bolt. The bolt hits the titan!
The titan is severely wounded.
The tengu reaver is no longer sharing its pain.
The tengu reaver gestures at you while chanting.
The bolt of fire misses you. The iron dragon bites you!
The iron dragon misses you. The iron dragon completely misses you.
The titan waves its arms in wide circles.
The air twists around and strikes you! The stone giant barely misses you.
Unknown command.
You shoot a bolt. The bolt hits the titan!!
The titan is almost dead.
The tengu reaver points at you and mumbles some strange words.
The bolt of lightning hits you!! x2
* * * LOW HITPOINT WARNING * * *
The iron dragon barely misses you. x2
The iron dragon tramples you but does no damage.
The stone giant hits you!
* * * LOW HITPOINT WARNING * * *
The titan hits you but does no damage.
As you read the scroll of fear, it crumbles to dust.
You assume a fearsome visage.
The stone giant resists with almost no effort.
The tengu reaver looks frightened!
The titan resists with almost no effort.
The iron dragon resists with almost no effort.
The iron dragon bites you!
* * * LOW HITPOINT WARNING * * *
The iron dragon misses you. The iron dragon closely misses you.
The stone giant hits you!!
You die...

..### ####........
....## #......###.. ..#
^....###.......# ...
............#..# ....
.##.........####
##.....
###.........#(.#
(#.....
..#....###.....# ....##
........#.....###C....#
.....#..#..#..Q(@..#
.....#######...DC(.#
###..#..# #..###..#
.#......#...... .....
.#..#..###..#.:# .#..#
#####.......#### ##....
.#..#....(..# ....
.#.....###.... .###
###.....# ...


You could see an iron dragon, a titan, a stone giant and a tengu reaver
(fleeing).

Vanquished Creatures
  2 dread liches
  2 ancient liches
  Mara (Vaults:3)
  A golden dragon (Vaults:4)
  Nikola (Swamp:3)
  Arachne (Spider:2)
  2 tentacled monstrosities
  3 liches (Vaults:4)
  3 titans (Vaults:4)
  Asterion (Depths:2)
  A deep elf master archer (Elf:3)
  2 quicksilver dragons
  2 deep elf blademasters
  4 sphinxes
  4 storm dragons
  A shadow dragon (Vaults:4)
  5 tengu reavers
  A fenstrider witch (Swamp:3)
  10 deep elf sorcerers
  An orc warlord (Vaults:4)
  6 fire giants
  3 iron dragons
  4 ghost moths
  4 frost giants
  26 vault wardens
  2 ghouls (Swamp:2)
  10 emperor scorpions
  Aizul (Spider:2)
  7 deep elf elementalists
  17 ironbound preservers
  35 very ugly things
  A war gargoyle (Vaults:4)
  17 stone giants
  2 vampire knights
  6 deep elf demonologists
  A minotaur (Gauntlet)
  9 dire elephants
  Azrael (D:15)
  10 deep elf annihilators
  2 bunyips
  5 entropy weavers
  5 spark wasps
  4 eleionomae
  3 deep elf death magi
  8 ettins
  3 shambling mangroves
  3 deep elf high priests
  6 fire dragons
  3 ice dragons
  13 yaktaur captains
  5 rakshasas
  4 great orbs of eyes
  Fannar (D:10)
  6 ironbound thunderhulks
  34 vault guards
  An ogre mage (D:14)
  31 hydras
  2 spriggan air magi (Depths:3)
  5 boulder beetles
  4 peacekeepers
  A catoblepas (Lair:6)
  4 ironbound frosthearts
  Harold (D:9)
  A death knight (D:15)
  6 ghost crabs
  4 two-headed ogres
  29 dancing weapons
  21 centaur warriors
  8 death yaks
  A two-headed ogre (shapeshifter) (Vaults:4)
  10 alligators
  7 tengu warriors
  A hell hog (Depths:2)
  9 deep troll earth magi
  8 ironbound beastmasters
  A vampire mage (Depths:2)
  A deep troll shaman (Depths:1)
  A death scarab (Gauntlet)
  4 orc high priests
  The ghost of zzzzzzzz the Firebug, a novice DrFE of Fedhas (D:7)
  Sonja (D:11)
  24 deep elf knights
  2 spriggan berserkers (Swamp:4)
  A hell knight (Depths:2)
  3 iron trolls (Depths:1)
  A skeletal warrior (D:14)
  A spectral death yak (Gauntlet)
  A storm dragon skeleton (Depths:1)
  A spark wasp zombie (Depths:1)
  6 goliath frogs
  6 glowing orange brains
  2 death drakes
  43 deep trolls
  A flayed ghost (Depths:1)
  16 bog bodies
  A deep troll (shapeshifter) (D:15)
  2 spriggan druids
  5 orc knights
  18 deep elf archers
  12 swamp dragons
  9 necromancers
  7 wizards
  2 spectral hydras (Swamp:2)
  18 ironbound convokers
  2 shadow dragon zombies
  30 deep elf pyromancers
  10 lindwurms
  6 goliath frog zombies (Swamp:2)
  A tengu skeleton (Depths:1)
  6 orc sorcerers
  6 phantasmal warriors
  15 orb spiders
  3 stone giant zombies
  5 manticores
  A faun (shapeshifter) (Vaults:4)
  29 deep elf zephyrmancers
  21 wolf spiders
  8 will-o-the-wisps
  44 ugly things
  A frost giant zombie (Depths:1)
  3 moths of wrath
  7 cyclopes
  A fire giant skeleton (Vaults:4)
  13 elephants
  A stone giant skeleton (Vaults:4)
  35 vault sentinels
  A frost giant skeleton (Depths:1)
  10 black mambas
  A torpor snail (Spider:3)
  An ice statue (IceCv)
  8 cane toads
  2 smoke demons (Depths:2)
  A molten gargoyle (Depths:2)
  14 rime drakes
  38 yaktaurs
  An efreet (D:13)
  A freezing wraith (Vaults:5)
  10 komodo dragons
  11 demonic crawlers
  A tengu conjurer (Depths:1)
  A human skeleton (Vaults:4)
  A yaktaur skeleton (Vaults:4)
  An ancient zyme (D:7)
  5 swamp worm zombies (Swamp:2)
  4 trolls
  3 meliai (Spider:2)
  A merfolk (shapeshifter) (Vaults:5)
  A bloated husk (Swamp:4)
  A meliai (shapeshifter) (D:10)
  36 jumping spiders
  19 polar bears
  21 tyrant leeches
  21 hornets
  4 spectral swamp dragons (Swamp:2)
  2 meliai zombies
  41 slime creatures
  4 alligator zombies (Swamp:2)
  6 blink frogs
  8 dream sheep
  A fire dragon zombie (Depths:1)
  2 ettin zombies (Vaults:4)
  14 spriggans
  2 deep troll skeletons
  23 tarantellas
  92 yaks
  62 redbacks
  A redback (shapeshifter) (Depths:3)
  A shadow (D:10)
  2 air elementals (Elf:2)
  4 water elementals
  9 wyverns
  8 wraiths
  2 ettin skeletons
  13 basilisks
  7 fire elementals
  3 small abominations (D:7)
  A tyrant leech zombie (Swamp:2)
  22 vampire mosquitoes
  A hog (shapeshifter) (D:15)
  6 steam dragons
  6 swamp worms
  7 wargs
  A human simulacrum (Vaults:4)
  19 water moccasins
  A hell hound (D:15)
  An acid dragon (D:9)
  5 swamp drakes
  A spectral hornet (Gauntlet)
  22 orc warriors
  A hornet zombie (D:6)
  A black bear (D:4)
  2 sky beasts
  8 ice beasts (D:15)
  3 necrophages
  4 boggarts (Vaults:1)
  An ettin simulacrum (Vaults:3)
  24 centaurs
  5 ogres
  A boggart (shapeshifter) (Vaults:4)
  49 wolves
  3 kobold brigands
  18 bullfrogs
  A wyvern zombie (D:7)
  3 scorpions
  3 earth elementals
  2 gnoll sergeants
  A spriggan zombie (Swamp:2)
  A troll zombie (Swamp:2)
  9 killer bees
  9 wights
  An electric eel (Spider:3)
  5 howler monkeys
  A lava snake (D:8)
  2 bullfrog zombies
  9 centaur zombies
  3 gnoll shamans
  3 hounds
  12 orc priests
  A jelly (D:7)
  11 iguanas
  A centaur skeleton (D:6)
  16 hell rats
  18 orc wizards
  A killer bee zombie (D:7)
  A mummy (D:7)
  A howler monkey zombie (D:9)
  19 gnolls
  A howler monkey skeleton (D:4)
  2 adders
  3 river rats (Lair:3)
  A shadow imp (D:5)
  A white imp (D:5)
  3 worms
  A dart slug (D:2)
  55 orcs
  8 bats
  8 endoplasms
  3 giant cockroaches
  4 goblins
  7 hobgoblins
  4 jackals (D:1)
  14 kobolds
  2 quokkas
  9 ball pythons
  8 frilled lizards
  3 kobold zombies (D:7)
  An orc zombie (D:7)
  5 rats
1924 creatures vanquished.

Vanquished Creatures (others)
  An ogre mage (Vaults:5)
  A spriggan air mage (Lair:3)
  An orb spider (Spider:4)
  3 bloated husks
  A redback (Spider:4)
  A yak (IceCv)
  2 swamp worms
  A wolf (IceCv)
  A bush (Lair:6)
  48 foxfires
  40 fungi
  69 plants
  A withered plant (Swamp:2)
170 creatures vanquished.

Grand Total: 2094 creatures vanquished

Notes
Turn   | Place    | Note
-------+----------+-------------------------------------------
     0 | D:1      | HAL9000 the Vine Stalker Brigand began the quest for the
                  | Orb.
     0 | D:1      | Reached XP level 1. HP: 11/11 MP: 2/2
    38 | D:1      | Found Quyb's Distillery.
   175 | D:1      | Reached XP level 2. HP: 15/15 MP: 3/3
   750 | D:1      | Found a faded altar of an unknown god.
   783 | D:1      | Reached XP level 3. HP: 9/18 MP: 2/4
  1804 | D:2      | Reached skill level 5 in Stealth
  1998 | D:2      | Gained mutation: Your natural rate of healing is unusually
                  | fast. [Vine Stalker growth]
  1998 | D:2      | Reached XP level 4. HP: 20/23 MP: 3/5
  2750 | D:3      | You fall into a shaft and drop 1 floor!
  2846 | D:4      | Noticed a black bear
  2880 | D:4      | Reached XP level 5. HP: 15/26 MP: 3/6
  2923 | D:4      | Killed a black bear
  3071 | D:4      | Reached XP level 6. HP: 30/30 MP: 7/7
  3183 | D:4      | Found a stormy altar of Qazlal.
  3476 | D:4      | Found a glowing golden altar of the Shining One.
  3657 | D:4      | Noticed a wyvern
  3680 | D:4      | Killed a wyvern
  3681 | D:4      | Reached skill level 10 in Stealth
  3681 | D:4      | Reached XP level 7. HP: 17/34 MP: 8/8
  3906 | D:5      | Entered Level 5 of the Dungeon
  4022 | D:5      | Noticed a yak
  4022 | D:5      | Noticed a yak
  4025 | D:5      | Noticed a yak
  4026 | D:5      | Noticed a yak
  4028 | D:5      | Noticed a yak
  4029 | D:5      | Killed a yak
  4030 | D:5      | Gained mutation: You have razor-sharp teeth. [Vine Stalker
                  | growth]
  4030 | D:5      | Reached XP level 8. HP: 38/38 MP: 9/9
  4030 | D:5      | Killed a yak
  4031 | D:5      | Noticed a yak
  4112 | D:4      | Killed a yak
  4268 | D:5      | Killed a yak
  4269 | D:5      | Reached skill level 5 in Short Blades
  4977 | D:5      | Killed a yak
  4982 | D:5      | Killed a yak
  4983 | D:5      | Reached XP level 9. HP: 38/42 MP: 10/10
  5185 | D:6      | Found a staircase to the Ecumenical Temple.
  5200 | Temple   | Entered the Ecumenical Temple
  5820 | D:6      | Noticed a troll
  5824 | D:6      | Killed a troll
  5844 | D:6      | Noticed a cyclops
  5848 | D:6      | Killed a cyclops
  6266 | D:7      | Found a transporter.
  6272 | D:7      | Found a transporter.
  6272 | D:7      | Found a one-way gate to the infinite horrors of the Abyss.
  6272 | D:7      | Noticed zzzzzzzz's ghost (novice DrFE)
  6274 | D:7      | Noticed an ancient zyme
  6277 | D:7      | Found the ring of the Hare {EV+8}
  6390 | D:7      | Reached XP level 10. HP: 46/46 MP: 11/11
  6721 | D:7      | Reached skill level 10 in Short Blades
  6847 | D:4      | Identified the +1 dagger of Battle {drain, rPois}
  7174 | D:8      | Found a sacrificial altar of Ru.
  7304 | D:8      | Reached skill level 5 in Throwing
  7528 | D:8      | Found a staircase to the Lair.
  7736 | D:8      | Found a hide-covered altar of Uskayaw.
  7752 | D:8      | Became a worshipper of Uskayaw the Reveller
  8025 | D:8      | Reached * piety under Uskayaw
  8203 | D:8      | Reached ** piety under Uskayaw
  8247 | D:9      | Reached *** piety under Uskayaw
  8406 | D:9      | Reached **** piety under Uskayaw
  8929 | D:9      | Paralysed by a hornet for 3 turns
  9008 | D:9      | Identified the +0 robe of Patterns {Will+}
  9040 | D:9      | Noticed Harold
  9047 | D:9      | Killed Harold
  9048 | D:9      | Reached skill level 5 in Fighting
  9048 | D:9      | Reached XP level 11. HP: 56/56 MP: 12/12
  9050 | D:9      | Found a glowing silver altar of Zin.
  9051 | D:9      | Noticed an angel
  9259 | D:10     | Entered Level 10 of the Dungeon
  9338 | D:10     | Reached ***** piety under Uskayaw
 10178 | D:10     | Noticed a four-headed hydra
 10187 | D:10     | Upgraded the game from 0.27-a0-1280-g9d2d252d84 to
                  | 0.27-a0-1281-ge233d83751
 10192 | D:10     | Killed a four-headed hydra
 10200 | D:10     | Noticed a centaur warrior
 10240 | D:10     | Killed a centaur warrior
 10241 | D:10     | Reached skill level 5 in Invocations
 10481 | Lair:1   | Entered Level 1 of the Lair of Beasts
 10613 | Lair:1   | Identified the +5 scale mail of the Realm of Zot {Dex+4}
 10771 | Lair:1   | Reached XP level 12. HP: 63/63 MP: 18/18
 10772 | Lair:1   | Reached ****** piety under Uskayaw
 10814 | Lair:1   | Noticed a six-headed hydra
 10821 | Lair:1   | Killed a six-headed hydra
 10981 | Lair:1   | Identified the +2 robe of the Lizard {rC+ rN+ SInv}
 11687 | Lair:2   | Reached skill level 15 in Stealth
 11893 | Lair:2   | Noticed a four-headed hydra
 11899 | Lair:2   | Killed a four-headed hydra
 11977 | Lair:2   | Noticed a five-headed hydra
 11982 | Lair:2   | Killed a five-headed hydra
 11983 | Lair:2   | Reached skill level 1 in Armour
 12033 | Lair:2   | Found a hole to the Spider Nest.
 12843 | Lair:3   | Reached XP level 13. HP: 67/67 MP: 19/19
 12935 | Lair:3   | Found a staircase to the Swamp.
 13113 | Lair:3   | Identified the +2 leather armour "Put-Me-On" {-Tele +Inv
                  | rElec Dex+5}
 15251 | Lair:4   | Reached skill level 10 in Invocations
 15765 | Lair:5   | Reached XP level 14. HP: 72/72 MP: 23/23
 16620 | Lair:5   | Found a viscous altar of Jiyva.
 16620 | Lair:5   | Found a staircase to the Slime Pits.
 16921 | Lair:5   | Reached skill level 10 in Fighting
 16973 | Lair:6   | Entered Level 6 of the Lair of Beasts
 18588 | Lair:6   | Reached skill level 5 in Armour
 18651 | Lair:6   | Noticed a dire elephant
 18761 | Lair:6   | Killed a dire elephant
 18762 | Lair:6   | Reached XP level 15. HP: 81/81 MP: 23/25
 19830 | D:10     | Noticed Fannar
 20145 | D:10     | Killed Fannar
 20338 | D:11     | Noticed Sonja
 20342 | D:11     | Killed Sonja
 20427 | D:11     | Found Lumut's Weapon Shoppe.
 20432 | D:11     | Bought 5 curare-tipped darts for 33 gold pieces
 20578 | D:11     | Found a gate leading to a gauntlet.
 20607 | Gauntlet | Entered a Gauntlet
 20607 | Gauntlet | Found a transporter.
 20607 | Gauntlet | Found a runed translucent door.
 20608 | Gauntlet | Found a runed translucent door.
 20611 | Gauntlet | Found a transporter.
 20613 | Gauntlet | Found a transporter.
 20628 | Gauntlet | Found a transporter.
 20629 | Gauntlet | Found a transporter.
 20641 | Gauntlet | Found a transporter.
 20655 | Gauntlet | Found a runed translucent gate.
 20656 | Gauntlet | Found a transporter.
 20656 | Gauntlet | Found a runed translucent gate.
 20657 | Gauntlet | Found a runed translucent gate.
 20669 | Gauntlet | Found a transporter.
 20684 | Gauntlet | Found a transporter.
 20688 | Gauntlet | Found a transporter.
 20693 | Gauntlet | Found a transporter.
 20694 | Gauntlet | Found a transporter.
 20724 | Gauntlet | Found the ring of the Octopus King
 20725 | Gauntlet | Found a transporter.
 20729 | Gauntlet | Found a transporter.
 20813 | Gauntlet | Identified the ring of Qyvosch {rCorr Str-4 Int+6 Dex+4}
 20942 | Gauntlet | Identified the +0 pair of boots of Wigo {rPois Dex+3}
 20955 | Gauntlet | Identified a ring of the Octopus King {rN+ AC+1 EV+1 Str+1
                  | Int+1 Dex+1}
 21008 | Gauntlet | Reached skill level 1 in Dodging
 21026 | Gauntlet | Identified the +2 kite shield of Qucegroh {rElec Regen+
                  | Str+3}
 21029 | Gauntlet | Identified the Incunabulum of the Displaced Birds
 21036 | Gauntlet | Identified the +0 hat "Kiptogux" {rPois rC- Str-3 Int+8}
 21166 | D:11     | Found a staircase to the Orcish Mines.
 21241 | D:11     | Reached skill level 1 in Shields
 21454 | D:11     | Found Ecogges's General Store.
 21457 | D:11     | Bought 2 boomerangs of dispersal for 30 gold pieces
 21639 | D:11     | Found Useonn's Book Shop.
 21855 | D:11     | Bought the +9 hand crossbow "Ciwnemuf" {vorpal, SInv} for
                  | 675 gold pieces
 22614 | Orc:1    | Entered Level 1 of the Orcish Mines
 22668 | Orc:1    | Reached skill level 1 in Crossbows
 22731 | Orc:2    | Entered Level 2 of the Orcish Mines
 22741 | Orc:2    | Found a staircase to the Elven Halls.
 22798 | Orc:2    | Found a transporter.
 22804 | Orc:2    | Noticed generaletaddeo's ghost (adept DjGl)
 22866 | Orc:2    | Found a transporter.
 23032 | Orc:2    | Reached skill level 2 in Crossbows
 23057 | Orc:2    | Reached skill level 3 in Crossbows
 23151 | Orc:2    | Found Naqatyiw's Antique Weapon Shop.
 23210 | Orc:2    | Reached skill level 4 in Crossbows
 23443 | Orc:1    | Reached skill level 5 in Crossbows
 23501 | Orc:1    | Found Padit's Jewellery Shoppe.
 23657 | Orc:2    | Reached skill level 6 in Crossbows
 23865 | Orc:2    | Reached skill level 7 in Crossbows
 23894 | Orc:1    | Bought an amulet of faith for 560 gold pieces
 23974 | Orc:2    | Found Loach's Jewellery Emporium.
 24359 | Orc:2    | Found Pyiczuq's Magic Scroll Shop.
 24360 | Orc:2    | Found Masa's Antique Armour Emporium.
 24397 | Orc:2    | Bought a scroll of fear for 42 gold pieces
 24397 | Orc:2    | Bought a scroll of teleportation for 36 gold pieces
 24397 | Orc:2    | Bought a scroll of acquirement for 624 gold pieces
 24499 | Orc:2    | Acquired a +2 rapier of draining
 24500 | Orc:2    | Acquired a +3 arbalest of flaming
 25195 | D:12     | Reached skill level 8 in Crossbows
 25716 | D:13     | Reached skill level 9 in Crossbows
 26035 | D:13     | Identified the +4 plate armour of Pan-Flutes {Str+2}
 26186 | D:13     | Reached skill level 10 in Crossbows
 26383 | D:13     | Reached XP level 16. HP: 86/86 MP: 27/27
 26565 | D:14     | Reached skill level 11 in Crossbows
 26723 | D:14     | Reached skill level 12 in Crossbows
 26844 | D:14     | Found Urum's Antique Weapon Boutique.
 26853 | D:14     | Bought a glowing arbalest for 195 gold pieces
 26982 | D:14     | Found a gate to the Vaults.
 27267 | D:14     | Found a bloodstained altar of Trog.
 27315 | D:15     | Entered Level 15 of the Dungeon
 27332 | D:15     | Found a frozen archway.
 27336 | D:15     | Reached skill level 13 in Crossbows
 27354 | IceCv    | Entered an ice cave
 27619 | IceCv    | Identified the +5 short sword of the Unseen Realm {flame,
                  | rF+ rN+ Int+3}
 28441 | D:7      | Killed zzzzzzzz's ghost
 28703 | D:15     | Noticed Azrael
 29277 | D:15     | Reached XP level 17. HP: 90/90 MP: 28/28
 29293 | D:15     | Found a staircase to the Depths.
 29677 | D:15     | Killed Azrael
 29936 | Swamp:1  | Entered Level 1 of the Swamp
 30991 | Swamp:2  | Reached skill level 5 in Shields
 32061 | Swamp:2  | Found the amulet of Vitality {Regen+ HP+15}
 32294 | Swamp:3  | Noticed Nikola
 32347 | Swamp:3  | Killed Nikola
 32348 | Swamp:3  | Reached skill level 10 in Shields
 32348 | Swamp:3  | Reached XP level 18. HP: 90/95 MP: 26/29
 32740 | Swamp:3  | Acquired the +0 pair of gloves of Fedhas's Inspiration
                  | {rPois rN+ Str+6}
 32898 | Swamp:4  | Entered Level 4 of the Swamp
 33656 | Swamp:4  | Got a decaying rune of Zot
 34170 | Spider:1 | Entered Level 1 of the Spider Nest
 35106 | Spider:2 | Noticed Aizul
 35111 | Spider:2 | Noticed Arachne
 35123 | Spider:2 | Killed Aizul
 35124 | Spider:2 | Killed Arachne
 35145 | Spider:2 | Reached XP level 19. HP: 99/99 MP: 30/30
 35240 | Spider:2 | Acquired 586 gold pieces
 36449 | Spider:3 | Acquired the +7 rapier of Wicked Indomitability {antimagic,
                  | rPois}
 36686 | Spider:4 | Entered Level 4 of the Spider Nest
 36697 | Spider:3 | Reached skill level 15 in Shields
 37913 | Spider:4 | Got a gossamer rune of Zot
 38386 | Vaults:1 | Entered Level 1 of the Vaults
 38707 | Vaults:1 | Reached XP level 20. HP: 104/104 MP: 31/31
 39400 | Vaults:1 | Reached skill level 14 in Crossbows
 40100 | Vaults:1 | Found Vimiggaph's Distillery.
 40107 | Vaults:1 | Bought a potion of curing for 63 gold pieces
 40107 | Vaults:1 | Bought a potion of curing for 63 gold pieces
 40107 | Vaults:1 | Bought a potion of haste for 210 gold pieces
 40195 | Vaults:1 | Learned a level 2 spell: Blink
 40218 | Vaults:1 | Reached skill level 15 in Crossbows
 41152 | Vaults:2 | Reached skill level 16 in Crossbows
 41665 | Vaults:2 | Reached XP level 21. HP: 106/107 MP: 28/32
 42406 | Vaults:3 | Reached skill level 17 in Crossbows
 42648 | Vaults:3 | Found a staircase to the Crypt.
 42648 | Vaults:3 | Found an ancient bone altar of Kikubaaqudgha.
 42651 | Vaults:3 | Found a basalt altar of Yredelemnul.
 42719 | Vaults:3 | Found Rihuhah's General Store.
 43026 | Vaults:3 | Reached skill level 18 in Crossbows
 43577 | Vaults:3 | Noticed Mara
 43588 | Vaults:3 | Killed Mara
 44134 | Vaults:3 | Identified the +2 pair of boots of Perfidy {Slay+2}
 44245 | Vaults:4 | Reached XP level 22. HP: 112/112 MP: 11/33
 44313 | Vaults:4 | Reached skill level 10 in Armour
 44338 | Vaults:4 | Upgraded the game from 0.27-a0-1281-ge233d83751 to
                  | 0.27-a0-1290-g15d3ce7508
 45232 | Vaults:5 | Entered Level 5 of the Vaults
 45262 | Vaults:4 | Reached skill level 1 in Evocations
 45760 | Vaults:5 | Noticed a golden dragon
 46069 | Vaults:4 | Reached skill level 5 in Evocations
 46133 | Vaults:5 | Noticed an ancient lich
 46645 | Vaults:4 | Killed an ancient lich
 47049 | Vaults:4 | Reached skill level 15 in Invocations
 47204 | Vaults:5 | Noticed an ancient lich
 47310 | Vaults:5 | Found Faudu's Antique Weapon Shoppe.
 47327 | Vaults:5 | Reached XP level 23. HP: 99/118 MP: 25/35
 47620 | Vaults:4 | Killed a golden dragon
 47655 | Vaults:5 | Found Ecsierum's Magic Scroll Shoppe.
 47724 | Vaults:5 | Bought a scroll of teleportation for 45 gold pieces
 47724 | Vaults:5 | Bought a scroll of fear for 52 gold pieces
 47732 | Vaults:5 | Found Ipseosch's Magic Scroll Emporium.
 47744 | Vaults:5 | Bought a scroll of teleportation for 45 gold pieces
 47744 | Vaults:5 | Bought a scroll of fear for 52 gold pieces
 47744 | Vaults:5 | Bought a scroll of acquirement for 780 gold pieces
 47744 | Vaults:5 | Bought a scroll of teleportation for 45 gold pieces
 47763 | Vaults:5 | Acquired 656 gold pieces
 47902 | Vaults:5 | Found Ahakunekla's Magic Scroll Boutique.
 47902 | Vaults:5 | Found Pycer Gogua's Distillery.
 47908 | Vaults:5 | Bought a scroll of teleportation for 54 gold pieces
 47908 | Vaults:5 | Bought a scroll of teleportation for 54 gold pieces
 47908 | Vaults:5 | Bought a scroll of fog for 36 gold pieces
 47922 | Vaults:5 | Bought a scroll of fog for 36 gold pieces
 47947 | Vaults:5 | Bought a potion of might for 88 gold pieces
 47958 | Vaults:5 | Found Tit Get's Distillery.
 47973 | Vaults:5 | Found Jobenous's Distillery.
 47981 | Vaults:5 | Bought a potion of resistance for 160 gold pieces
 48158 | Vaults:5 | Killed an ancient lich
 48900 | Vaults:5 | Got a silver rune of Zot
 48906 | Vaults:5 | Found Xebbudiu's Antique Armour Shop.
 48936 | Vaults:5 | Bought an embroidered scarf for 368 gold pieces
 48936 | Vaults:5 | Bought a runed scarf for 368 gold pieces
 49081 | Vaults:5 | Noticed a dread lich
 49090 | Vaults:5 | Killed a dread lich
 49091 | Vaults:5 | Reached skill level 15 in Fighting
 49261 | Vaults:5 | Found Humpad's Antique Armour Shop.
 49261 | Vaults:5 | Found Deuhoulu's General Store.
 49269 | Vaults:5 | Bought a potion of haste for 100 gold pieces
 49269 | Vaults:5 | Bought a potion of haste for 100 gold pieces
 49269 | Vaults:5 | Bought a scroll of fog for 20 gold pieces
 49269 | Vaults:5 | Bought a scroll of fear for 35 gold pieces
 49277 | Vaults:5 | Found Besega's General Store.
 49367 | Vaults:5 | Bought an ancient arbalest for 237 gold pieces
 49367 | Vaults:5 | Identified the +12 arbalest "Ocsonef" {elec, Will++ rCorr}
                  | (You bought it in a shop on level 5 of the Vaults)
 50209 | Elf:1    | Entered Level 1 of the Elven Halls
 50233 | Elf:1    | Found a shimmering blue altar of Sif Muna.
 50415 | Elf:1    | Reached XP level 24. HP: 132/132 MP: 35/35
 50517 | Elf:1    | Identified Puny's Papyrus of the Echidna
 50538 | Elf:1    | Identified the +10 battleaxe "Hom Cuy" {venom, Contam rPois
                  | Dex+3}
 50756 | Elf:1    | Found a ruined gateway.
 51054 | Elf:1    | Found Noobren's Weapon Shoppe.
 51333 | Elf:2    | Reached skill level 19 in Crossbows
 51490 | Elf:2    | Found a runed translucent gate.
 51490 | Elf:2    | Found a runed translucent gate.
 51490 | Elf:2    | Found a runed translucent gate.
 51640 | Elf:2    | Paralysed by an air elemental for 1 turns
 52089 | Elf:2    | Found a radiant altar of Vehumet.
 52864 | Elf:3    | Entered Level 3 of the Elven Halls
 52875 | Elf:2    | Reached skill level 20 in Crossbows
 52918 | Elf:3    | Paralysed by an air elemental for 1 turns
 52922 | Elf:2    | Paralysed by an air elemental for 1 turns
 53245 | Elf:3    | Found a flickering gateway to a bazaar.
 53414 | Bazaar   | Entered a bazaar
 53414 | Bazaar   | Found Heenkume's Assorted Antiques.
 53414 | Bazaar   | Found Wuarhiso's General Store.
 53416 | Bazaar   | Found Ceiquq's General Store.
 53416 | Bazaar   | Found Xaujo's Assorted Antiques.
 53441 | Bazaar   | Bought a scroll of fog for 18 gold pieces
 53441 | Bazaar   | Bought a scroll of fear for 31 gold pieces
 53449 | Bazaar   | Bought 2 atropa-tipped darts for 14 gold pieces
 53475 | Bazaar   | Bought a potion of haste for 270 gold pieces
 53475 | Bazaar   | Bought a scroll of acquirement for 1404 gold pieces
 53475 | Bazaar   | Acquired a +2 helmet of see invisible
 53759 | Elf:3    | Reached skill level 5 in Dodging
 54073 | Elf:3    | Identified the +8 trident of Togoqeer {venom, *Slow rF+
                  | Str+6}
 54099 | Elf:3    | Reached XP level 25. HP: 136/136 MP: 35/35
 54328 | Elf:3    | Identified the +9 glaive "Zulaodwo" {elec, Will+ Dex+4}
 54339 | Elf:3    | Identified the +6 shortbow of the Five Princes {freeze,
                  | rF+}
 54342 | Elf:3    | Identified the +7 fustibalus of Keomanosk {venom, rElec
                  | Str+2}
 54350 | Elf:3    | Identified the Compendium of the Frostbite and Darkness
 54352 | Elf:3    | Identified the +4 long sword of the Iron City of Dis {vamp,
                  | rC+ Str+4}
 54354 | Elf:3    | Identified the +0 cloak of the Sun {Int+3}
 54366 | Elf:3    | Identified the +7 short sword of Winter {elec, Int+4}
 55233 | Depths:1 | Entered Level 1 of the Depths
 55233 | Depths:1 | Found a gateway to Hell.
 55530 | Depths:1 | Found a broken altar of Ashenzari.
 55595 | Depths:1 | Found an opulent altar of Gozag.
 55749 | Depths:1 | Reached skill level 10 in Dodging
 55868 | Depths:1 | You fall into a shaft and drop 1 floor!
 55868 | Depths:2 | Found a transporter.
 55872 | Depths:2 | Noticed a juggernaut
 56063 | Depths:1 | Found Apuosoeb's Assorted Antiques.
 56249 | Depths:2 | Found a transporter.
 56334 | Depths:2 | Identified the ring "Nuhai" {rCorr Str+3 Dex+6 Slay+3}
 56573 | Depths:2 | Identified the +3 kite shield of Vodarch {rN++}
 56573 | Depths:2 | Noticed Asterion
 56769 | Depths:2 | Killed Asterion
 57891 | Depths:3 | Noticed a dread lich
 57903 | Depths:3 | Killed a dread lich
 57910 | Depths:3 | Slain by a stone giant

Illustrated notes

Levels and vault maps discovered:
D:1:      mrwooster_arrival_statue_2, layout_loops_corners, serial_shops, shop,
          shapermc_ecumenical_altar_mp_highgroup
D:2:      layout_basic, serial_park_tiny_1, minmay_randomly_rotated_circles
D:3:      layout_rooms, marbit_many_paths, beargit_hepliaklqana_dungeon_heroes
D:4:      layout_basic, amcnicky_altar_gilded, tso_altar, kennysheep_boxes
D:5:      layout_cave_pods
D:6:      layout_cave_pools, minmay_temple_entry_statues_pillars,
          minmay_three_doors
D:7:      layout_basic, gammafunk_ghost_abyssal_escape, minmay_mini_ossuary
D:8:      layout_cave_pools, nicolae_uskayaw_suspiria,
          nicolae_ru_sacrificial_ziggurat, lair_entry_dummy
D:9:      layout_loops_ring, zin_angel, uniq_harold
D:10:     wad_arrow_thing, layout_layer_cave, minmay_lizard_king, uniq_fannar
D:11:     layout_layer_cave, david_orc_3, serial_shops, kennysheep_little_box,
          kennysheep_mini, shop_coins, gauntlet_entry_generic, uniq_sonja
D:12:     layout_irregular_city
D:13:     layout_loops_ring
D:14:     layout_roguey, david_vaults_2, serial_shops, shop, special_room
          [special_room_orc], david_defended_altar_orc
D:15:     gammafunk_enter_depths_forms, layout_irregular_city,
          portal_ice_cave_entry_ice_beasts, corexii_corridor_pit, uniq_azrael
Temple:   minmay_freezing_vapour_temple
Lair:1:   layout_roguey, grunt_megastairs_1
Lair:2:   layout_loops_ring, nicolae_spider_entry_tight_spaces
Lair:3:   layout_layer_cave, skrybe_swamp_entry_bodies,
          kennysheep_abandoned_house
Lair:4:   layout_loops_ring, special_room [special_room_mythical_zoo]
Lair:5:   layout_regular_city, dpeg_slime_entry_enclosed_altar,
          cheibrodos_lair_reptile_den, infiniplex_staircase_pool_2
Lair:6:   hangedman_lair_in_review, layout_small_grid, guppyfry_lair_end_dragon,
          lemuel_fruit_fields
Swamp:1:  layout_basic_swamp, evilmike_swamp_ruin_house_2
Swamp:2:  cheibrodos_swamp_mausoleum, layout_falls_marsh,
          nicolae_swamp_small_spring, swamp_pool5
Swamp:3:  layout_basic_swamp, evilmike_swamp_ruin_house_1, swamp_pool2,
          roderic_carrion_pond, uniq_nikola
Swamp:4:  swamp_basic_johnstein, layout_basic_swamp
Spider:1: layout_spider_delve
Spider:2: layout_spider_delve, nicolae_spider_cling_halls, uniq_aizul,
          uniq_arachne
Spider:3: layout_spider_delve
Spider:4: grunt_spider_rune_circles, nicolae_spider_swamp_cousins
Orc:1:    layout_diamond_mine, serial_shops, shop, nicolae_orc_tapped_out
Orc:2:    st_orc_elflike, layout_caves, gammafunk_ghost_stat_death,
          mines5_lemuel
Elf:1:    layout_geoelf_diagonals, portal_desolation_entry_twin_temple,
          basic_altar, serial_shops, shop_fountains, minmay_elf_sorcery
Elf:2:    layout_onion_city, basic_altar
Elf:3:    minmay_elf_hall_dome, layout_geoelf_grid, serial_shops,
          bzr_entry_road, minivault_25_ag, minivault_16, grunt_megastairs_5
Vaults:1: v_pattern_3, nicolae_vaults_quartermaster, vaults_room_fancy_cross,
          ontoclasm_vaults_ring_square, vaults_dpeg_doors,
          vaults_mumra_minichess, nicolae_vaults_alarming, v_misc_25, v_rooms_6,
          nicolae_vaults_sealed_display, ontoclasm_vaults_fault,
          vaults_room_pool, nicolae_vaults_mini_display_case,
          layout_vaults_omnigrid, serial_shops,
          nicolae_shop_temple_entry_statues_fountains
Vaults:2: v_misc_1, nicolae_vaults_rhombus_7, ontoclasm_vaults_chip,
          vaults_mumra_chevron_long, nicolae_vaults_twisting_passages,
          ontoclasm_vaults_spin, vaults_mumra_minichess_inversion, v_misc_12,
          layout_vaults_chaotic_city
Vaults:3: vaults_standard_mumra_enter_the_diamond, v_misc_28,
          vaults_standard_mumra_lines, grunt_vaults_twisty, vaults_room_boxed,
          vaults_room_stairs_pillars, minmay_crypt_entry_necro_gods,
          ontoclasm_vaults_ligature, vaults_room_glass_cross,
          vaults_room_semicircle, v_alt_pattern_1, v_misc_25,
          nicolae_vaults_network_quincunx
          [nicolae_vaults_network_quincunx_subvault,
          nicolae_vaults_network_quincunx_subvault,
          nicolae_vaults_network_quincunx_subvault,
          nicolae_vaults_network_quincunx_subvault,
          nicolae_vaults_network_quincunx_subvault],
          nicolae_vaults_little_squares_4, layout_vaults_omnibox, serial_shops,
          nicolae_shop_trees, uniq_mara
Vaults:4: ontoclasm_vaults_bender, ontoclasm_vaults_misaligned, st_spiral_rooms,
          v_rooms_4, vaults_room_large_hall, nicolae_vaults_little_squares_3,
          v_misc_24, nicolae_vaults_border_crossing, vaults_room_pool,
          vaults_room_fours, v_alt_pattern_6, nicolae_vaults_little_squares_4,
          vaults_room_pool, layout_vaults_omnicross
Vaults:5: serial_shops
Depths:1: layout_cave_shapes, hell_entry, nicolae_gozag_seed_capital,
          ashenzari_altar_1, roderic_lattice_octagonal_star,
          serial_bayou_shore_b, minmay_shop_star
Depths:2: gammafunk_sealed_arena, layout_cave_pools, minmay_door_square,
          abyss_entry, hellmouth_1, amcnicky_mini_rare_corridor_liquid,
          uniq_asterion
Depths:3: hangedman_cross_cluster, layout_cave_shapes, abyss_entry_crystal,
          hell_entry, minmay_fountain_box, rand_demon_pan_entry_1,
          kennysheep_small_circle, minmay_staircase_bubble, minmay_shop_grove

Skill      XL: |  1  2  3  4  5  6  7  8  9 10 11 12 13 14 15 16 17 18 19 20 21 22 23 24 25 |
---------------+----------------------------------------------------------------------------+-----
Throwing       | 2 3 4 5 6 7 8 |  8.2
Stealth        | 5 6 8 10 11 12 13 16 17 | 17.4
Short Blades   | 2 7 9 10 12 14 | 14.3
Fighting       | 5 7 10 11 15 | 15.3
Invocations    | 6 10 12 13 15 | 15.0
Armour         | 3 5 7 9 11 12 | 12.6
Dodging        | 1 7 12 | 12.1
Shields        | 2 10 14 15 | 15.2
Crossbows      | 10 13 16 18 20 | 20.0
Evocations     | 5 |  5.2

Action                   |  1- 3 |  4- 6 |  7- 9 | 10-12 | 13-15 | 16-18 | 19-21 | 22-24 | 25-27 || total
-------------------------+-------+-------+-------+-------+-------+-------+-------+-------+-------++-------
Melee: Dagger            |    92 |   107 |   307 |   831 |  1450 |     7 |       |       |       ||  2794
       Bite              |    15 |    31 |   107 |   360 |   828 |   636 |   422 |   267 |       ||  2666
       Rapier            |       |       |       |       |    46 |  1120 |   722 |   354 |       ||  2242
       Short sword       |       |       |       |       |       |    95 |     4 |    85 |       ||   184
 Fire: Hand crossbow     |       |       |       |       |    46 |   211 |   669 |   278 |       ||  1204
       Arbalest          |       |       |       |       |       |       |    34 |   409 |   419 ||   862
Throw: Dart              |     1 |    16 |    38 |    14 |    43 |     5 |       |       |       ||   117
       Boomerang         |       |     2 |     4 |    46 |    46 |       |       |       |       ||    98
       Throwing net      |       |       |     1 |       |     1 |     1 |     3 |       |       ||     6
       Javelin           |       |       |     3 |    20 |    12 |       |     4 |       |       ||    39
Invok: Line Pass         |       |       |       |     2 |     7 |     4 |     3 |     1 |       ||    17
       Grand Finale      |       |       |       |       |     1 |     1 |     2 |       |       ||     4
       Stomp             |       |       |       |       |       |     3 |       |       |       ||     3
Evoke: Wand              |       |       |       |       |     1 |       |       |       |       ||     1
       Box of beasts     |       |       |       |       |     1 |       |       |       |       ||     1
       Condenser vane    |       |       |       |       |       |     1 |     2 |       |       ||     3
  Use: Scroll            |       |       |    10 |     5 |    13 |     9 |    10 |    19 |     3 ||    69
       Potion            |       |       |       |     4 |     3 |     2 |     3 |     1 |       ||    13
 Stab: Sleeping          |    15 |     8 |    20 |    33 |    41 |    17 |     4 |     2 |       ||   140
       Distracted        |       |     1 |     1 |     1 |     1 |     2 |     2 |       |       ||     8
       Held in net/web   |       |       |     1 |     1 |     1 |     2 |       |       |       ||     5
       Paralysed         |       |       |       |    24 |    85 |   111 |    70 |    43 |       ||   333
       Confused          |       |       |       |     2 |     6 |     3 |     4 |     1 |       ||    16
       Invisible         |       |       |       |     3 |     6 |       |       |       |       ||     9
Armor: Robe              |    25 |    27 |    61 |       |       |       |       |       |       ||   113
       Troll leather arm |       |       |    17 |   221 |   381 |       |       |       |       ||   619
       Plate armour      |       |       |       |       |    27 |   602 |   280 |   133 |       ||  1042
       Shadow dragon sca |       |       |       |       |       |       |       |    70 |    85 ||   155
Dodge: Dodged            |    44 |    55 |   101 |   330 |   606 |   500 |   394 |   353 |   183 ||  2566
Block: Kite shield       |       |       |       |       |   269 |   818 |   764 |   454 |       ||  2305

Table legend: (Time is in decaauts)
 A = Elapsed time spent in this place.
 B = Non-inter-level travel time spent in this place.
 C = Inter-level travel time spent in this place.
 D = Time resting spent in this place.
 E = Time spent auto-exploring this place.
 F = Levels seen in this place.
 G = Mean time per level.
                   A        B        C        D        E       F      G
               +--------+--------+--------+--------+--------+-----+--------+
         Total |  56688 |  51127 |   5561 |   6152 |  29685 |  46 | 1232.3 |
       Dungeon |  17541 |  14790 |   2751 |   1900 |   9303 |  15 | 1169.4 |
        Temple |     31 |     31 |      0 |     17 |      0 |   1 |   31.0 |
          Lair |   9473 |   8214 |   1259 |    634 |   4661 |   6 | 1578.8 |
         Swamp |   4253 |   4042 |    211 |    269 |   2183 |   4 | 1063.2 |
   Spider Nest |   3840 |   3686 |    154 |    397 |   2267 |   4 |  960.0 |
  Orcish Mines |   1908 |   1792 |    116 |    368 |    859 |   2 |  954.0 |
   Elven Halls |   4422 |   4094 |    328 |    242 |   2717 |   3 | 1474.0 |
        Vaults |  11151 |  10580 |    571 |   1961 |   5746 |   5 | 2230.2 |
        Depths |   2683 |   2515 |    168 |    196 |   1606 |   3 |  894.3 |
        Bazaar |     90 |     90 |      0 |      0 |     41 |   1 |   90.0 |
      Ice Cave |    747 |    747 |      0 |    130 |    185 |   1 |  747.0 |
      Gauntlet |    543 |    543 |      0 |     37 |    113 |   1 |  543.0 |
               +--------+--------+--------+--------+--------+-----+--------+

Top non-repeatable levels by time:
Vaults:4: 3395 daAuts
  Lair:6: 2427 daAuts
Vaults:1: 2322 daAuts
Vaults:5: 2002 daAuts
    D:10: 1907 daAuts
Vaults:3: 1762 daAuts
Vaults:2: 1668 daAuts
   Elf:2: 1618 daAuts
  Lair:3: 1612 daAuts
   Elf:3: 1533 daAuts
  Lair:4: 1528 daAuts
     D:9: 1474 daAuts
     D:1: 1451 daAuts
  Lair:2: 1433 daAuts
  Lair:1: 1414 daAuts
